 Dungeon Crawl Stone Soup version 0.29.1-1-gd02db6906a (webtiles) character file.

Game seed: 14358051767659852303

381 Earthwalker the Covered (level 6, -10/55 HPs)
             Began as a Minotaur Fighter on Oct 12, 2022.
             Mangled by an ogre
             ... wielding a +0 giant club
              (14 damage)
             ... on level 5 of the Dungeon.
             The game lasted 00:08:33 (3796 turns).

Earthwalker the Covered (Minotaur Fighter)          Turns: 3796, Time: 00:08:34

Health: -10/55     AC: 12    Str: 23    XL:     6   Next: 46%
Magic:  0/5        EV:  7    Int:  5    God:
Gold:   961        SH:  4    Dex:  9    Spells: 5/5 levels left

rFire   . . .      SeeInvis .   a - +0 trident
rCold   . . .      Faith    .   c - +0 buckler
rNeg    . . .      Spirit   +   o - +0 plate armour
rPois   .          Reflect  .   (helmet restricted)
rElec   .          Harm     .   (no cloak)
rCorr   .          Rampage  .   (no gloves)
Will    .....                   (no boots)
Stlth   ..........              m - amulet of guardian spirit
HPRegen 0.18/turn               (no ring)
MPRegen 0.09/turn               (no ring)

@: no status effects
A: horns 2, retaliatory headbutt
a: no special abilities


You were on level 5 of the Dungeon.
You visited 1 branch of the dungeon, and saw 5 of its levels.

You collected 961 gold pieces.

Inventory:

Hand Weapons
 a - a +0 trident (weapon)
Armour
 b - a +0 scale mail
 c - a +0 buckler (worn)
 n - the +2 ring mail of Panugos {Str+4 Int-3 Stlth+}
   (You found it on level 2 of the Dungeon)

   Str:       It affects your strength (+4).
   Int:       It affects your intelligence (-3).
   Stlth:     It makes you more stealthy.
 o - a +0 plate armour (worn)
Jewellery
 g - an amulet of faith
 m - an amulet of guardian spirit (around neck)
Scrolls
 h - 4 scrolls of teleportation
 q - a scroll of silence {unknown}
 s - a scroll of poison {unknown}
 u - a scroll of identify
Potions
 d - 2 potions of might
 e - a potion of resistance
 f - a potion of heal wounds
 i - 2 potions of invisibility
 j - 2 potions of mutation
 k - a potion of magic {unknown}
 l - a potion of haste {unknown}
 p - a potion of curing {unknown}
 r - a potion of ambrosia {unknown}
 t - a potion of flight {unknown}


   Skills:
 * Level 4.9 Fighting
 * Level 4.1 Polearms
 * Level 2.2 Throwing
 * Level 5.0 Armour
 * Level 2.5 Dodging
 * Level 4.8 Shields


You had 5 spell levels left.
You didn't know any spells.
Your spell library contained the following spells:

 Spells                   Type           Power      Damage    Failure   Level
 Slow                     Hex            0%         N/A       100%        1
 Confusing Touch          Hex            0%         N/A       100%        3
 Frozen Ramparts          Ice            0%         1d1       100%        3
 Vampiric Draining        Necr           0%         2d6       100%        3
 Ice Form                 Ice/Tmut       0%         N/A       100%        4
 Summon Ice Beast         Ice/Summ       0%         N/A       100%        4


Dungeon Overview and Level Annotations

Branches:
Dungeon (5/15)
 Temple: D:4-7

Altars:
Nemelex Xobeh


Innate Abilities, Weirdness & Mutations

You have a pair of horns on your head.
You reflexively headbutt those who attack you in melee.


Message History

Ijyb barely misses you.
You puncture Ijyb!
Ijyb is severely wounded.
Ijyb hits you but does no damage.
You completely miss Ijyb.
Ijyb is severely wounded.
You block Ijyb's attack.
You puncture Ijyb!
You kill Ijyb!
Things that are here:
a +0 dagger; a +0 leather armour
Found a scroll labelled YLEULE FAIMUA.
Found a stone staircase leading up.
An ogre comes into view. It is wielding a +0 giant club.
The ogre shouts!
You hear a shout!
An ogre comes into view. It is wielding a +0 giant club.
The ogre shouts!
You block the ogre's attack.
You see here a scroll labelled YLEULE FAIMUA.
You block the ogre's attack.
You hit the ogre but do no damage. You headbutt the ogre!
The ogre is moderately wounded.
A necrophage comes into view.
The ogre hits you with a +0 giant club!!
You hit the ogre. Your headbutt misses the ogre.
The ogre is heavily wounded.
The ogre hits you with a +0 giant club!
You are too injured to fight recklessly!
You are too injured to fight recklessly!
You barely miss the ogre. You headbutt the ogre.
The ogre is heavily wounded.
The ogre hits you with a +0 giant club!!
* * * LOW HITPOINT WARNING * * *
You hit the ogre.
The ogre is heavily wounded.
You barely miss the ogre.
You headbutt the ogre, but do no damage.
The ogre is heavily wounded.
The ogre hits you with a +0 giant club!
You die...

#.......... #..........
#.......... #.........
....... ### ###########
#...# ..#
#..#..#...###O..#######
#####...........@O.n.......
#≈.≈#....#########.....<...
#._.#....# #.........
#...#..### #..###...#
#≈.≈#..### #### ###
#§.≈#....# #§.≈#.>).#
#...#....# #...#...##


You could see 2 ogres and a necrophage.

Vanquished Creatures
  Pargi (D:4)
  A hound (D:5)
  Ijyb (D:5)
  An iguana (D:4)
  6 adders
  8 gnolls
  4 worms
  3 orcs (D:3)
  6 endoplasms
  2 giant cockroaches (D:1)
  7 goblins
  3 hobgoblins
  3 jackals (D:3)
  3 quokkas
  6 ball pythons
  5 bats
  2 frilled lizards (D:2)
  4 kobolds
  4 rats
70 creatures vanquished.

Notes
Turn   | Place    | Note
-------+----------+-------------------------------------------
     0 | D:1      | Earthwalker the Minotaur Fighter began the quest for the
                  | Orb.
     0 | D:1      | Reached XP level 1. HP: 19/19 MP: 0/0
   205 | D:1      | Found a faded altar of an unknown god.
   211 | D:1      | Reached XP level 2. HP: 27/27 MP: 1/1
   354 | D:1      | Reached skill level 4 in Armour
   727 | D:2      | Reached XP level 3. HP: 33/33 MP: 2/2
   902 | D:2      | Reached skill level 1 in Throwing
   902 | D:2      | Reached skill level 1 in Dodging
  1079 | D:2      | Identified the +2 ring mail of Panugos {Str+4 Int-3 Stlth+}
  1389 | D:2      | Reached XP level 4. HP: 40/40 MP: 3/3
  2528 | D:4      | Reached XP level 5. HP: 40/47 MP: 2/4
  3148 | D:4      | Noticed Pargi
  3155 | D:4      | Killed Pargi
  3156 | D:4      | Reached XP level 6. HP: 53/53 MP: 5/5
  3497 | D:4      | Identified a scroll of acquirement
  3497 | D:4      | Acquired 760 gold pieces
  3601 | D:5      | Entered Level 5 of the Dungeon
  3698 | D:5      | Reached skill level 5 in Armour
  3729 | D:5      | Found a sparkling altar of Nemelex Xobeh.
  3750 | D:5      | Noticed Ijyb
  3770 | D:5      | Killed Ijyb
  3796 | D:5      | Mangled by an ogre

Illustrated notes

Levels and vault maps discovered:
D:1:      evilmike_arrival_crescent, layout_basic, shapermc_ecumenical_altar_gd
D:2:      wander_river, layout_loops_ring
D:3:      layout_basic
D:4:      layout_loops_ring, uniq_pargi
D:5:      layout_gridville, pf_just_have_faith, temple_hall, uniq_ijyb

Skill      XL: |  1  2  3  4  5  6 |
---------------+-------------------+-----
Armour         | 4 5 |  5.0
Fighting       | 4 |  4.9
Throwing       | 1 2 |  2.2
Dodging        | 1 2 |  2.5
Shields        | 4 |  4.8
Polearms       | 3 4 |  4.1

Action                   |  1- 3 |  4- 6 || total
-------------------------+-------+-------++-------
Melee: Trident           |    85 |   148 ||   233
       Headbutt          |     6 |    20 ||    26
  Use: Scroll            |     3 |     9 ||    12
 Stab: Sleeping          |     1 |     1 ||     2
Armor: Scale mail        |    20 |       ||    20
       Ring mail         |     1 |     1 ||     2
       Plate armour      |       |    55 ||    55
Dodge: Dodged            |    23 |    40 ||    63
Block: Buckler           |    13 |    28 ||    41
